 Dungeon Crawl Stone Soup version 0.18.1-48-g4cf74bf (webtiles) character file.

51 poirepourri the Conjurer (level 3, -1/19 HPs)
             Began as a Tengu Conjurer on July 5, 2016.
             Slain by Crazy Yiuf
             ... wielding a +4 quarterstaff of chaos
              (2 damage)
             ... on level 2 of the Dungeon.
             The game lasted 00:04:27 (1733 turns).

poirepourri the Conjurer (Tengu Conjurer)           Turns: 1733, Time: 00:04:29

Health: -1/19      AC:  3    Str:  8    XL:     3   Next: 83%
Magic:  5/7        EV: 13    Int: 16    God:
Gold:   93         SH:  0    Dex: 14    Spells: 3 memorised, 0 levels left

rFire  . . .     SeeInvis +     s - +0 short sword
rCold  . . .     Gourm    .     a - +0 robe
rNeg   . . .     Faith    .     (no shield)
rPois  .         Spirit   .     (helmet restricted)
rElec  .         Dismiss  .     (no cloak)
rCorr  .         Reflect  .     n - +0 pair of gloves
SustAt .         Harm     .     (boots unavailable)
MR     .....                    (no amulet)
Stlth  ++........               (no ring)
                                c - ring of see invisible

@: very slightly contaminated, not resistant to hostile enchantments, unstealthy
A: beak, talons 3
a: no special abilities


You were on level 2 of the Dungeon.
You were not hungry.

You visited 1 branch of the dungeon, and saw 2 of its levels.

You collected 93 gold pieces.

Inventory:

Hand Weapons
 s - a +0 short sword (weapon)
Armour
 a - a +0 robe (worn)
 n - a +0 pair of gloves (worn)
Jewellery
 c - a ring of see invisible (left hand)
 g - an uncursed amulet of rage
Scrolls
 i - 3 scrolls of identify
 o - a scroll of recharging
Potions
 f - a potion of might {unknown}
 h - a potion of lignification {unknown}
 j - a potion of ambrosia {unknown}
 k - a potion of agility {unknown}
 l - a potion of degeneration {unknown}
 m - 2 potions of brilliance {unknown}
 p - a potion of heal wounds {unknown}
 q - a potion of berserk rage {unknown}
Books
 b - a book of Conjurations

   Spells                             Type                      Level
   a - Magic Dart                     Conjuration                  1
   b - Searing Ray                    Conjuration                  2
   c - Dazzling Spray                 Conjuration/Hexes            3
   d - Fulminant Prism                Conjuration/Hexes            4
   e - Iskenderun's Mystic Blast      Conjuration                  4
   f - Iskenderun's Battlesphere      Conjuration/Charms           5
Comestibles
 r - a bread ration


   Skills:
 + Level 2.6 Dodging
 + Level 2.0 Stealth
 + Level 2.4 Spellcasting
 + Level 6.4 Conjurations


You couldn't memorise any spells.
You knew the following spells:

 Your Spells              Type           Power        Failure   Level  Hunger
a - Magic Dart            Conj           ###.         1%          1    #......
b - Searing Ray           Conj           ###...       1%          2    ###....
c - Dazzling Spray        Conj/Hex       ##....       17%         3    ###....


Dungeon Overview and Level Annotations

Branches:
Dungeon (2/15)

Altars:

Annotations:
D:2 Crazy Yiuf


Innate Abilities, Weirdness & Mutations

You have a beak for a mouth.
You have claws for feet.


Message History

Read which item? (? for menu, Esc to quit)
Okay, then.
Drink which item? (? for menu, Esc to quit)
It was a potion of magic.
Magic courses through your body.
Casting: Searing Ray
Confirm with . or Enter, or press ? or * to list all spells.
Aiming: Searing Ray
Press: ? - help, Shift-Dir - straight line, f/p - Crazy Yiuf
Aim: Crazy Yiuf, wielding a quarterstaff of chaos and wearing a cloak (moderately wounded)
The searing ray hits Crazy Yiuf.
Crazy Yiuf is heavily wounded.
Crazy Yiuf hits you with a quarterstaff of chaos.
Crazy Yiuf draws strength from your injuries!
The searing ray hits Crazy Yiuf.
Crazy Yiuf is heavily wounded.
Crazy Yiuf laughs, "Mugger aubergine sing-song!"
Crazy Yiuf hits you with a quarterstaff of chaos!
* * * LOW HITPOINT WARNING * * *
Space bends around you.
You die...

#.##.....#### ♣.♣♣
...#..÷.....# ♣♣.♣
...#........# ♣♣.♣♣
...#........# ♣♣...♣
...#........# ♣....♣
...#.....#### #....#
.)......#...#####..##
.......##.#.....g..#
.......##.#####.@.##
........#.# #####
........#.#
........#.#
........#.#
........#.#
..........#****
...##..*,,,,,,*
.....,,,,,***,*


You could see Crazy Yiuf.

Vanquished Creatures
  An adder (D:2)
  A dart slug (D:1)
  A giant gecko (D:1)
  5 bats
  A giant cockroach (D:2)
  5 goblins
  3 hobgoblins
  3 jackals (D:1)
  3 kobolds
  A quokka (D:2)
  2 ball pythons
  6 giant newts
  5 rats
37 creatures vanquished.

Notes
Turn   | Place    | Note
--------------------------------------------------------------
     0 | D:1      | poirepourri the Tengu Conjurer began the quest for the Orb.
     0 | D:1      | Reached XP level 1. HP: 10/10 MP: 4/4
   196 | D:1      | Reached XP level 2. HP: 13/15 MP: 3/6
   518 | D:1      | Reached skill level 6 in Conjurations
   759 | D:1      | Reached XP level 3. HP: 18/19 MP: 4/7
  1074 | D:2      | Learned a level 2 spell: Searing Ray
  1078 | D:2      | Learned a level 3 spell: Dazzling Spray
  1711 | D:2      | Noticed Crazy Yiuf
  1733 | D:2      | Slain by Crazy Yiuf

Skill      XL: |  1  2 |
---------------+-------+-----
Conjurations   | 6 |  6.4
Dodging        | |  2.6
Stealth        | |  2.0
Spellcasting   | |  2.4

Action                   || total
-------------------------++-------
Melee: Unarmed           ||     1
 Cast: Magic Dart        ||    67
       Searing Ray       ||     3
  Use: Scroll            ||     6
       Potion            ||     2
  Eat: Bread ration      ||     1
Armor: Robe              ||    10
Dodge: Dodged            ||    28
